 Dungeon Crawl Stone Soup version 0.29-a0-464-g50448035db (webtiles) character file.

Game seed: 6055760157526320028

778 Bruhh the Ogre Mage (level 7, -2/59 HPs)
             Began as an Ogre Earth Elementalist on May 21, 2022.
             Slain by a kobold
             ... wielding a +0 whip
              (4 damage)
             ... on level 5 of the Dungeon.
             The game lasted 00:06:43 (6867 turns).

Bruhh the Ogre Mage (Ogre Earth Elementalist)       Turns: 6867, Time: 00:06:44

Health: -2/59      AC:  6    Str: 13    XL:     7   Next: 85%
Magic:  14/14      EV:  9    Int: 18    God:
Gold:   202        SH:  0    Dex:  9    Spells: 12/16 levels left

rFire   . . .      SeeInvis .   j - +0 club
rCold   . . .      Faith    .   (no shield)
rNeg    . . .      Spirit   .   b - +0 robe
rPois   .          Reflect  .   (helmet restricted)
rElec   .          Harm     .   i - +2 cloak
rCorr   .          Rampage  .   (gloves unavailable)
Will    .....                   (boots unavailable)
Stlth   +.........              (no amulet)
HPRegen 0.19/turn               (no ring)
MPRegen 0.14/turn               (no ring)

@: no status effects
A: large, unfitting armour, tough skin 1
a: no special abilities


You were on level 5 of the Dungeon.
You visited 1 branch of the dungeon, and saw 5 of its levels.
You also visited: Sewer.

You collected 202 gold pieces.

Inventory:

Hand Weapons
 j - a +0 club (weapon)
Missiles
 a - 59 stones
Armour
 b - a +0 robe (worn)
 i - a +2 cloak (worn)
Scrolls
 d - 2 scrolls of blinking {unknown}
 e - a scroll of immolation {unknown}
 f - 2 scrolls of fear {unknown}
 g - 2 scrolls of magic mapping
 l - 4 scrolls of teleportation {unknown}
 p - a scroll of vulnerability {unknown}
 q - a scroll of enchant weapon {unknown}
 r - 3 scrolls of identify {unknown}
 u - 2 scrolls of poison {unknown}
 v - a scroll of summoning {unknown}
 y - 2 scrolls of amnesia {unknown}
Potions
 h - a potion of lignification {unknown}
 k - a potion of might {unknown}
 m - a potion of attraction {unknown}
 n - a potion of brilliance {unknown}
 o - a potion of flight {unknown}
 s - a potion of heal wounds {unknown}
 t - a potion of curing
 w - a potion of haste {unknown}
 x - a potion of mutation {unknown}
 z - 3 potions of degeneration {unknown}


   Skills:
 - Level 1.7 Dodging
 - Level 1.4 Stealth
 + Level 5.2 Spellcasting
 - Level 5.0 Conjurations
 - Level 0.8 Transmutations
 - Level 5.0 Earth Magic


You had 12 spell levels left.
You knew the following spells:

 Your Spells              Type           Power      Damage    Failure   Level
a - Sandblast             Erth           44%        2d11      1%          1
b - Stone Arrow           Conj/Erth      44%        3d9       4%          3

Your spell library contained the following spells:

 Spells                   Type           Power      Damage    Failure   Level
 Passwall                 Tmut/Erth      12%        N/A       6%          2
 Static Discharge         Conj/Air       13%        N/A       7%          2
 Summon Small Mammal      Summ           16%        N/A       13%         1
 Call Canine Familiar     Summ           4%         N/A       36%         3
 Summon Guardian Golem    Hex/Summ       4%         N/A       36%         3
 Petrify                  Tmut/Erth      15%        N/A       36%         4
 Lightning Bolt           Conj/Air       6%         1d18      78%         5
 Maxwell's Capacitive Co  Air            2%         ∞         100%        8


Dungeon Overview and Level Annotations

Branches:
Dungeon (5/15)              Sewer (visited)
 Temple: D:4-7

Altars:
Ashenzari
Gozag
Hepliaklqana
Qazlal
Sif Muna
Wu Jian
Xom
The Shining One


Innate Abilities, Weirdness & Mutations

You are too large for most types of armour.
You have tough skin. (AC +1)


Message History

Confirm with . or Enter, or press ? or * to list all spells.
Aiming: Stone Arrow (dangerous; 4% risk of failure)
Press: ? - help, Shift-Dir - straight line, f/p - kobold brigand
Aim: a kobold brigand, wielding a +0 club and quivering poisoned darts (almost dead, 64% to hit)
The stone arrow misses the kobold brigand.
The stone arrow misses the kobold.
The kobold brigand hits you but does no damage.
The kobold hits you with a +0 whip.
* * * LOW HITPOINT WARNING * * *
The kobold brigand closely misses you.
Casting: Stone Arrow (dangerous; 4% risk of failure)
Confirm with . or Enter, or press ? or * to list all spells.
Aiming: Sandblast (safe; 1% risk of failure)
Press: ? - help, Shift-Dir - straight line, f/p - kobold brigand
Aim: a kobold brigand, wielding a +0 club and quivering poisoned darts (almost dead, 76% to hit)
The blast of sand hits the kobold brigand.
The kobold brigand is almost dead.
The kobold brigand hits you with a +0 dagger.
* * * LOW HITPOINT WARNING * * *
The kobold brigand hits you with a +0 club.
* * * LOW HITPOINT WARNING * * *
The kobold hits you with a +0 whip.
* * * LOW HITPOINT WARNING * * *
Unknown command.
Casting: Sandblast (safe; 1% risk of failure)
Confirm with . or Enter, or press ? or * to list all spells.
Aiming: Sandblast (safe; 1% risk of failure)
Press: ? - help, Shift-Dir - straight line, f/p - kobold brigand
Aim: a kobold brigand, wielding a +0 club and quivering poisoned darts (almost dead, 76% to hit)
The blast of sand hits the kobold brigand but does no damage.
The kobold brigand is almost dead.
The kobold brigand barely misses you.
The kobold brigand completely misses you.
Magic courses through your body.
The kobold brigand hits you with a +0 dagger.
* * * LOW HITPOINT WARNING * * *
The kobold brigand hits you with a +0 club!
* * * LOW HITPOINT WARNING * * *
The kobold barely misses you. The kobold hits you with a +0 whip.
You die...

......# ##......### ##.##
.....## #.........#####.#
#....## ##...........##..#
....†.###.............#.##
###.#...#.............#.#
#####................##
##...............#
#.......KK......#
#.......K@...#.##
#.......K#######
#.......## #.......#
##......# #......'...K.K
#......')....K
##..##.'.....( ###
#.##.....


You could see 2 kobold brigands and 2 kobolds.

Vanquished Creatures
  An ice beast (D:5)
  A black bear (D:5)
  A bullfrog (Sewer)
  2 scorpions
  3 hounds
  3 iguanas
  3 gnolls (D:4)
  12 adders
  2 worms
  A dart slug (D:2)
  An orc (D:4)
  14 endoplasms
  12 giant cockroaches
  2 goblins
  2 hobgoblins (D:3)
  11 quokkas
  18 ball pythons
  8 bats
  11 frilled lizards
  6 kobolds
  5 rats
119 creatures vanquished.

Vanquished Creatures (others)
  3 fungi (D:1)
  12 toadstools (D:5)
15 creatures vanquished.

Grand Total: 134 creatures vanquished

Notes
Turn   | Place    | Note
-------+----------+-------------------------------------------
     0 | D:1      | Bruhh the Ogre Earth Elementalist began the quest for the
                  | Orb.
     0 | D:1      | Reached XP level 1. HP: 16/16 MP: 3/3
   659 | D:1      | Reached XP level 2. HP: 19/24 MP: 5/5
  1040 | D:1      | Found a faded altar of an unknown god.
  1660 | D:2      | Reached XP level 3. HP: 26/31 MP: 7/7
  2684 | D:3      | Found a glowing drain.
  2912 | Sewer    | Entered a sewer
  2992 | Sewer    | Reached XP level 4. HP: 33/39 MP: 7/9
  3311 | Sewer    | Reached XP level 5. HP: 44/45 MP: 4/11
  3604 | Sewer    | Learned a level 3 spell: Stone Arrow
  4062 | D:3      | Found an ornate altar of the Wu Jian Council.
  4123 | D:3      | Found a stormy altar of Qazlal.
  4193 | D:3      | Reached skill level 5 in Spellcasting
  4193 | D:3      | Reached XP level 6. HP: 53/53 MP: 10/13
  4485 | D:3      | Found a shimmering blue altar of Sif Muna.
  4951 | D:4      | Found an opulent altar of Gozag.
  4972 | D:4      | Found a broken altar of Ashenzari.
  5022 | D:4      | Reached skill level 1 in Conjurations
  5274 | D:4      | Reached skill level 5 in Earth Magic
  5713 | D:4      | Found a shimmering altar of Xom.
  5826 | D:4      | Found a glowing golden altar of the Shining One.
  5826 | D:4      | Found a hazy altar of Hepliaklqana.
  6213 | D:5      | Entered Level 5 of the Dungeon
  6224 | D:5      | Noticed an ice beast
  6234 | D:5      | Killed an ice beast
  6235 | D:5      | Reached XP level 7. HP: 49/59 MP: 12/14
  6655 | D:5      | Reached skill level 5 in Conjurations
  6867 | D:5      | HP: 2/59 [kobold brigand/+0 club (7)]
  6867 | D:5      | Slain by a kobold

Illustrated notes

Levels and vault maps discovered:
D:1:      dpeg_arrival_simpleton_b, layout_loops_ring,
          hellmonk_ecumenical_altar_inner_sanctum, columned_hall_lemuel,
          dreamdust_mushroom_princess, serial_bayou_pond_d, st_stairs_6,
          chequers_jeans, minmay_misc_feat_secret_circle, minmay_tetromino_s4
D:2:      layout_loops_corners, minmay_misc_feat_ornament, roderic_lattice_a
D:3:      layout_basic, nicolae_overflow_crystal_walls, old_standard_altar,
          mainiacjoe_overflow_tiny_flanked, portal_sewer_entry_d
D:4:      layout_basic, mainiacjoe_overflow_catwalk,
          mainiacjoe_overflow_cross_hatched, ashenzari_conservatory_becter,
          grunt_temple_overflow_open
D:5:      cheibrodos_fertilizer, layout_cave_pods, kennysheep_nondescript,
          moated_statue, uniq_menkaure

Skill      XL: |  1  2  3  4  5  6  7 |
---------------+----------------------+-----
Earth Magic    | 3 4 5 |  5.0
Spellcasting   | 3 4 5 |  5.2
Conjurations   | 3 5 |  5.0
Dodging        | |  1.7
Stealth        | |  1.4
Transmutations | |  0.8

Action                   |  1- 3 |  4- 6 |  7- 9 || total
-------------------------+-------+-------+-------++-------
Melee: Unarmed           |    34 |       |       ||    34
       Club              |   116 |   184 |       ||   300
       Punch             |     2 |     2 |       ||     4
 Cast: Sandblast         |    13 |    80 |    27 ||   120
       Stone Arrow       |       |     4 |     8 ||    12
  Use: Scroll            |       |     1 |       ||     1
       Potion            |       |     1 |     2 ||     3
 Stab: Sleeping          |     4 |     2 |       ||     6
Armor: Robe              |    94 |   141 |     7 ||   242
Dodge: Dodged            |   104 |   149 |    14 ||   267

Table legend: (Time is in decaauts)
 A = Elapsed time spent in this place.
 B = Non-inter-level travel time spent in this place.
 C = Inter-level travel time spent in this place.
 D = Time resting spent in this place.
 E = Time spent auto-exploring this place.
 F = Levels seen in this place.
 G = Mean time per level.
                   A        B        C        D        E       F      G
               +--------+--------+--------+--------+--------+-----+--------+
         Total |   7046 |   6937 |    109 |    405 |   5401 |   6 | 1174.3 |
       Dungeon |   5827 |   5718 |    109 |    208 |   4806 |   5 | 1165.4 |
         Sewer |   1219 |   1219 |      0 |    197 |    595 |   1 | 1219.0 |
               +--------+--------+--------+--------+--------+-----+--------+

Top non-repeatable levels by time:
     D:2: 1491 daAuts
     D:4: 1424 daAuts
   Sewer: 1219 daAuts
     D:1: 1189 daAuts
     D:3: 1067 daAuts
     D:5: 653 daAuts
